 Dungeon Crawl Stone Soup version 0.21.1-1-g345015f (webtiles) character file.

15151 Monsterracer the Spear-Bearer (level 12, 0/91 HPs)
             Began as a Human Wizard on Feb 5, 2018.
             Was a High Priest of Ru.
             Slain by a dream sheep (21 damage)
             ... on level 5 of the Lair of Beasts.
             The game lasted 00:50:41 (17993 turns).

Monsterracer the Spear-Bearer (Human Wizard)       Turns: 17993, Time: 00:50:42

Health: 0/91       AC: 14    Str:  5    XL:     12   Next: 54%
Magic:  25/30      EV: 15    Int: 23    God:    Ru [*****.]
Gold:   736        SH:  0    Dex: 16    Spells: 8/23 levels left

rFire    . . .     SeeInvis .   a - +1 trident (pierce)
rCold    . . .     Gourm    .   P - +0 buckler
rNeg     + . .     Faith    .   E - +0 troll leather armour
rPois    .         Spirit   .   e - +1 hat
rElec    .         Reflect  .   v - +2 cloak "Vemuapp" {rN+ MR++ Regen+ rCorr Str-2}
rCorr    +         Harm     .   y - +2 pair of gloves {Dex+3}
MR       ++...                  (no boots)
Stlth    +++.......             (no amulet)
HPRegen  1.05/turn              z - +3 ring of protection
MPRegen  0.22/turn              s - ring of magical power

@: lethally poisoned (0 -> 0), sleeping
A: hated by all, inability to train armour, inexperienced 1
a: Draw Out Power, Power Leap, Apocalypse, Renounce Religion


You were on level 5 of the Lair of Beasts.
You worshipped Ru.
Ru was extremely pleased with you.
You were not hungry.

You visited 2 branches of the dungeon, and saw 15 of its levels.
You also visited: Sewer.

You collected 736 gold pieces.

Inventory:

Hand Weapons
 a - a +1 trident of piercing (weapon)
 b - the +4 falchion "Cinu" {freeze, *Corrode *Slow rElec rN+++}
   (You found it on level 4 of the Dungeon)

   It has been specially enchanted to freeze those struck by it, causing extra
   injury to most foes and up to half again as much damage against particularly
   susceptible opponents.
   It can also slow down cold-blooded creatures.
   It insulates you from electricity.
   It renders you almost immune to negative energy.
   It may corrode you when you take damage.
   It may slow you when you take damage.
Missiles
 J - a throwing net (quivered)
Armour
 d - a +1 ring mail of magic resistance
 e - a +1 hat (worn)
 v - the +2 cloak "Vemuapp" (worn) {rN+ MR++ Regen+ rCorr Str-2}
   (You acquired it on level 5 of the Dungeon)

   It affects your strength (-2).
   It protects you from negative energy.
   It affects your resistance to hostile enchantments.
   It increases your rate of regeneration.
   It protects you from acid and corrosion.
 y - a +2 pair of gloves of dexterity (worn)
 E - a +0 troll leather armour (worn)
 P - a +0 buckler (worn)
Jewellery
 j - an uncursed ring of wizardry
 s - a ring of magical power (right hand)
 z - a +3 ring of protection (left hand)
Wands
 i - a wand of digging (27)
 n - a wand of acid (7)
 x - a wand of paralysis (19)
 A - a wand of polymorph (19)
 B - a wand of iceblast (21)
Scrolls
 g - 3 scrolls of enchant weapon
 k - 6 scrolls of teleportation
 r - 2 scrolls of fear {!r}
 w - 5 scrolls of remove curse
 G - a scroll of amnesia
 I - a scroll of enchant armour
 K - a scroll of magic mapping {!r}
 M - 2 scrolls of identify
 O - a scroll of fog
Potions
 f - 3 potions of invisibility
 h - 3 potions of haste
 l - 2 potions of mutation {!q}
 o - 3 potions of might
 p - 3 potions of brilliance
 q - 2 potions of lignification
 t - 2 potions of agility
 u - 5 potions of curing
 C - a potion of berserk rage {!q}
 D - 3 potions of ambrosia {!q}
 H - 3 potions of heal wounds
 L - 3 potions of flight
Books
 F - a book of Enchantments

   Spells                             Type                      Level
   a - Cause Fear                     Hexes                        4
   b - Yara's Violent Unravelling     Hexes/Transmutation          5
   c - Silence                        Hexes/Air                    5
   d - Deflect Missiles               Charms/Air                   6
   e - Discord                        Hexes                        8
Comestibles
 c - 22 rations
 m - 4 chunks of flesh


   Skills:
 + Level 7.2 Fighting
 * Level 10.3 Polearms
 + Level 7.2 Dodging
 + Level 6.3 Stealth
 + Level 3.5 Shields
 - Level 6.0 Spellcasting
 - Level 10.0 Conjurations
   Level 1.0 Summonings
 - Level 3.1 Translocations
 - Level 3.0 Fire Magic
 - Level 3.0 Air Magic


You had 8 spell levels left.
You knew the following spells:

 Your Spells              Type           Power        Failure   Level  Hunger
a - Magic Dart            Conj           ####         1%          1    None
b - Conjure Flame         Conj/Fire      #####...     3%          3    #......
c - Mephitic Cloud        Conj/Pois/Air  ####....     8%          3    #......
e - Blink                 Tloc           N/A          6%          2    None
y - Deflect Missiles      Chrm/Air       ##........   100%        6    ######.


Dungeon Overview and Level Annotations

Branches:
Dungeon (10/15)            Temple (0/1) D:7            Lair (5/6) D:10
  Swamp (0/4) Lair:4        Snake (0/4) Lair:4          Orc (0/2) D:9
  Slime: Lair:5-6

Altars:
Ru
Yredelemnul
Lugonu

Annotations:
D:8 1 transporter


Innate Abilities, Weirdness & Mutations

You are hated by all.
You cannot train Armour skill.
You are somewhat inexperienced. (-2 XL)


Message History

Aim: a wyvern (hasn't noticed you)
You reach to attack!
You strike the helpless wyvern from behind!
You hit the wyvern.
The wyvern is lightly wounded.
You barely miss the wyvern.
The wyvern is lightly wounded.
The wyvern completely misses you.
The killer bee buzzes angrily.
You hit the wyvern.
The wyvern is moderately wounded.
The wyvern is stunned by your will and fails to attack.
The wyvern misses you.
You hit the wyvern but do no damage.
The wyvern is moderately wounded.
The wyvern closely misses you.
You hit the wyvern.
The wyvern is heavily wounded.
The wyvern closely misses you.
You hit the wyvern.
The wyvern is severely wounded.
The wyvern bites you but does no damage.
The killer bee stings you.
You are poisoned.
The killer bee poisons you!
You take 5 damage, and have 82/91 hp.
You closely miss the wyvern.
The wyvern is severely wounded.
You feel sick. The wyvern closely misses you. The killer bee barely misses you.
A killer bee comes into view.
The killer bee buzzes angrily.
You puncture the killer bee!
The killer bee is heavily wounded.
You hear an angry buzzing noise.
The killer bee closely misses you.
The wyvern is stunned by your will and fails to attack.
The killer bee misses you. The wyvern bites you!
You take 12 damage, and have 70/91 hp.
Casting: Mephitic Cloud
Confirm with . or Enter, or press ? or * to list all spells.
Aiming: Mephitic Cloud
Press: ? - help, Shift-Dir - straight line, f/p - wyvern
Aim: a wyvern (severely wounded)
Okay, then.
Casting: Mephitic Cloud
Confirm with . or Enter, or press ? or * to list all spells.
You blink.
A meliai comes into view. It is wielding a hand axe.
The meliai buzzes angrily.
A meliai comes into view. It is wielding a hand axe.
You feel sick.
You hear an angry buzzing noise.
The killer bee misses you.
A hydra and a killer bee come into view.
You now have 28/30 mp.
Casting: Blink
Confirm with . or Enter, or press ? or * to list all spells.
You blink.
The killer bee buzzes angrily.
The seven-headed hydra roars!
The meliai hits you but does no damage. You block the meliai's attack. x2
The meliai misses you.
The meliai is stunned by your will and fails to attack.
The meliai misses you. The meliai barely misses you.
The seven-headed hydra bites you! The seven-headed hydra bites you. x3
You focus your will and illuminate the seven-headed hydra in retribution!
The seven-headed hydra bites you.
* * * LOW HITPOINT WARNING * * *
The seven-headed hydra barely misses you.
The seven-headed hydra bites you.
* * * LOW HITPOINT WARNING * * *
You take 33 damage, and have 37/91 hp.
MASSIVE DAMAGE!!
You now have 26/30 mp.
Casting: Blink
Confirm with . or Enter, or press ? or * to list all spells.
You blink.
You feel sick.
You redirect the meliai's attack!
You now have 24/30 mp.
As you read the scroll of teleportation, it crumbles to dust.
You feel strangely unstable. The killer bee stings you.
* * * LOW HITPOINT WARNING * * *
The meliai mumbles some strange prayers to its god against you.
Something smites you!
* * * LOW HITPOINT WARNING * * *
You take 17 damage, and have 20/91 hp.
You feel sick.
The killer bee stings you but does no damage.
Your surroundings suddenly seem different.
A dream sheep comes into view.
The dream sheep bleats!
A dream sheep comes into view.
The dream sheep bleats!
A dream sheep comes into view.
The dream sheep bleats!
A dream sheep comes into view.
The dream sheep bleats!
You hear a howl!
You hear a loud, deep croak!
You block the dream sheep's attack.
The dream sheep begins to attack, but is stunned by your will!
The dream sheep are wreathed in dream dust.
You feel drowsy...
You fall asleep.
The dream sheep bites you!!
You die...

### ###.P#
##...####
#.@.....#
#Y.Y....P.
#...Y......
#...Y..YY...
##..........
##.........
#.#....P..
#. .h#....


You could see a wolf and 6 dream sheep.

Vanquished Creatures
  The ghost of Nr616 the Carver, a journeyman MiBe of Trog (Lair:1)
  A hydra (Lair:3)
  Harold (D:10)
  A two-headed ogre (D:8)
  Pikel (D:9)
  A deep elf mage (D:10)
  5 elephants
  A centaur zombie (D:10)
  Maurice (D:9)
  A black mamba (Lair:2)
  A rime drake (Lair:4)
  A troll (D:9)
  A merfolk (D:10)
  Prince Ribbit (D:7)
  A blink frog (Lair:5)
  A hippogriff (D:9)
  12 yaks
  A basilisk (Lair:5)
  A human (D:10)
  3 vampire mosquitoes (Lair:4)
  4 nagas (Lair:4)
  6 water moccasins
  5 porcupines
  4 ice beasts
  3 sky beasts
  4 slaves (D:9)
  4 orc warriors
  3 necrophages
  2 ogres
  A wolf (Lair:5)
  2 centaurs (D:7)
  6 big kobolds
  9 crocodiles
  12 bullfrogs
  5 scorpions
  A water moccasin skeleton (D:9)
  16 killer bees
  3 wights
  A howler monkey (D:9)
  3 electric eels
  2 lava snakes (Lair:2)
  2 crimson imps
  2 bullfrog zombies
  A centaur skeleton (D:10)
  5 hounds
  3 orc priests
  Crazy Yiuf (D:7)
  2 bullfrog skeletons
  2 iguanas
  Ijyb (D:4)
  7 orc wizards
  8 worker ants
  A worker ant zombie (D:7)
  A howler monkey skeleton (D:9)
  11 adders
  3 river rats (Sewer)
  2 shadow imps (D:7)
  8 oozes (Sewer)
  5 worms
  A dart slug (D:1)
  3 leopard geckos
  21 orcs
  9 giant cockroaches
  8 hobgoblins
  10 jackals
  18 kobolds
  4 quokkas
  2 ball pythons
  10 bats
  4 frilled lizards
  9 goblins
  A jackal skeleton (D:5)
  9 rats
307 creatures vanquished.

Vanquished Creatures (collateral kills)
  A killer bee (Lair:5)
1 creature vanquished.

Vanquished Creatures (others)
  A black mamba (Lair:4)
  2 yaks
  A killer bee (D:10)
  3 kobolds (D:10)
  20 fungi
  4 plants
31 creatures vanquished.

Grand Total: 339 creatures vanquished

Notes
Turn   | Place    | Note
-------+----------+-------------------------------------------
     0 | D:1      | Monsterracer the Human Wizard began the quest for the Orb.
     0 | D:1      | Reached XP level 1. HP: 13/13 MP: 4/4
   194 | D:1      | Reached XP level 2. HP: 19/19 MP: 4/6
   217 | D:1      | Learned a level 2 spell: Blink
   923 | D:1      | Reached XP level 3. HP: 24/24 MP: 4/7
   928 | D:1      | Learned a level 3 spell: Conjure Flame
  2068 | D:2      | Found a basalt altar of Yredelemnul.
  2104 | D:2      | Reached XP level 4. HP: 25/30 MP: 1/8
  2222 | D:2      | Found a sacrificial altar of Ru.
  2251 | D:2      | Became a worshipper of Ru the Awakened
  2631 | D:2      | Learned a level 3 spell: Mephitic Cloud
  3047 | D:3      | Found a glowing drain.
  3085 | Sewer    | Entered a sewer
  3113 | Sewer    | Reached XP level 5. HP: 35/35 MP: 2/9
  3271 | Sewer    | HP: 13/35 [river rat (8)]
  3278 | Sewer    | HP: 8/35 [ooze (3)]
  3897 | Sewer    | HP: 14/35 [river rat (10)]
  4091 | Sewer    | Noticed a big kobold
  4121 | Sewer    | Killed a big kobold
  4121 | Sewer    | Reached skill level 5 in Conjurations
  4121 | Sewer    | Reached XP level 6. HP: 41/41 MP: 1/11
  4499 | Sewer    | Reached XP level 7. HP: 46/46 MP: 1/12
  4710 | Sewer    | Reached skill level 1 in Fire Magic
  4926 | D:3      | Gained mutation: You are hated by all. [Ru sacrifice]
  4926 | D:3      | Reached * piety under Ru
  5760 | D:4      | HP: 23/46 [ogre/giant spiked club (23)]
  6193 | D:4      | Noticed Ijyb
  6209 | D:4      | Killed Ijyb
  6358 | D:4      | Got a crude falchion
  6371 | D:4      | Reached XP level 8. HP: 46/52 MP: 2/14
  6506 | D:4      | HP: 26/52 [orc wizard/dagger (7)]
  6854 | D:5      | Entered Level 5 of the Dungeon
  6937 | D:5      | Identified the +4 falchion "Cinu" {freeze, *Corrode *Slow rElec rN+++} (You found it on level 4 of the Dungeon)
  7002 | D:5      | Reached skill level 1 in Polearms
  7084 | D:5      | Reached skill level 1 in Fighting
  7252 | D:5      | Identified a scroll of acquirement
  7255 | D:5      | Got a faintly glowing cloak
  7261 | D:5      | Identified the +2 cloak "Vemuapp" {rN+ MR++ Regen+ rCorr Str-2} (You acquired it on level 5 of the Dungeon)
  7919 | D:6      | Gained mutation: You cannot train Armour skill. [Ru sacrifice]
  7919 | D:6      | Reached ** piety under Ru
  7919 | D:6      | Reached *** piety under Ru
  8159 | D:6      | Reached XP level 9. HP: 61/61 MP: 16/16
  8389 | D:6      | Reached skill level 5 in Spellcasting
  8912 | D:7      | Noticed Prince Ribbit
  8965 | D:7      | Killed Prince Ribbit
  9115 | D:7      | Found a staircase to the Ecumenical Temple.
  9553 | D:7      | Found a runed door.
  9557 | D:7      | Noticed Crazy Yiuf
  9567 | D:7      | Killed Crazy Yiuf
 10310 | D:8      | Noticed a two-headed ogre
 10318 | D:8      | Killed a two-headed ogre
 10318 | D:8      | Reached skill level 5 in Polearms
 10318 | D:8      | Reached XP level 10. HP: 54/70 MP: 18/18
 10369 | D:8      | Found a transporter.
 10373 | D:8      | Found a corrupted altar of Lugonu.
 10889 | D:9      | Gained mutation: You are somewhat inexperienced. (-2 XL) [Ru sacrifice]
 10889 | D:9      | Reached XP level 9. HP: 65/65 MP: 26/26
 10889 | D:9      | Reached XP level 8. HP: 60/60 MP: 25/25
 10889 | D:9      | Reached **** piety under Ru
 10889 | D:9      | Reached ***** piety under Ru
 10960 | D:9      | Found a staircase to the Orcish Mines.
 10993 | D:9      | Noticed a hippogriff
 11007 | D:9      | Killed a hippogriff
 11147 | D:9      | Noticed Pikel
 11161 | D:9      | Killed Pikel
 11161 | D:9      | Reached XP level 9. HP: 65/65 MP: 18/18
 11286 | D:9      | Noticed Maurice
 11303 | D:9      | Killed Maurice
 11418 | D:9      | Noticed a troll
 11452 | D:9      | Killed a troll
 11910 | D:10     | Entered Level 10 of the Dungeon
 12062 | D:10     | Reached XP level 10. HP: 73/73 MP: 19/19
 12142 | D:10     | Reached skill level 10 in Conjurations
 12456 | D:10     | Noticed a deep elf mage
 12469 | D:10     | HP: 29/73 [deep elf mage/bolt of cold (36)]
 12549 | D:10     | Killed a deep elf mage
 12549 | D:10     | Reached skill level 5 in Fighting
 12549 | D:10     | Reached skill level 5 in Dodging
 12549 | D:10     | Reached skill level 1 in Air Magic
 12796 | D:10     | Found a staircase to the Lair.
 13232 | Lair:1   | Entered Level 1 of the Lair of Beasts
 13393 | Lair:1   | Learned a level 6 spell: Deflect Missiles
 13397 | Lair:1   | Noticed Harold
 13411 | Lair:1   | Noticed Nr616's ghost (journeyman MiBe)
 13645 | D:10     | Killed Harold
 13645 | D:10     | Reached XP level 11. HP: 74/80 MP: 20/20
 13679 | Lair:1   | Killed Nr616's ghost
 14261 | Lair:1   | You fall through a shaft!
 14787 | Lair:2   | Reached skill level 5 in Stealth
 15270 | Lair:3   | Noticed a six-headed hydra
 15279 | Lair:3   | Killed a six-headed hydra
 16077 | Lair:4   | Noticed an elephant
 16077 | Lair:4   | Noticed an elephant
 16077 | Lair:4   | Noticed an elephant
 16077 | Lair:4   | Noticed an elephant
 16077 | Lair:4   | Noticed an elephant
 16100 | Lair:3   | Killed an elephant
 16100 | Lair:3   | Reached XP level 12. HP: 80/89 MP: 21/21
 16247 | Lair:4   | Reached skill level 10 in Polearms
 16348 | Lair:4   | Reached skill level 1 in Shields
 16899 | Lair:4   | Found a staircase to the Swamp.
 17373 | Lair:4   | Found a staircase to the Snake Pit.
 17636 | Lair:5   | Noticed a death yak
 17636 | Lair:5   | Noticed a death yak
 17637 | Lair:5   | Noticed a death yak
 17638 | Lair:5   | Noticed a death yak
 17989 | Lair:5   | Noticed a seven-headed hydra
 17989 | Lair:5   | HP: 43/91 [seven-headed hydra (6)]
 17991 | Lair:5   | HP: 20/91 [meliai/divine providence (14)]
 17993 | Lair:5   | Slain by a dream sheep

Skill      XL: |  1  2  3  4  5  6  7  8  9 10 11 12 |
---------------+-------------------------------------+-----
Conjurations   | 2 3 4 5 6 7 9 10 | 10.0
Spellcasting   | 4 6 5 |  6.0
Fire Magic     | 2 3 |  3.0
Polearms       | 6 5 8 9 10 | 10.3
Fighting       | 4 3 5 6 7 |  7.2
Translocations | 3 |  3.1
Dodging        | 4 3 5 6 7 |  7.2
Air Magic      | 2 3 |  3.0
Stealth        | 3 5 6 |  6.3
Shields        | 3 |  3.5
Summonings     | |  1.0

Action                   |  1- 3 |  4- 6 |  7- 9 | 10-12 || total
-------------------------+-------+-------+-------+-------++-------
Melee: Hand axe          |       |    44 |    17 |       ||    61
       Trident           |       |       |   410 |   660 ||  1070
 Fire: Hunting sling     |     4 |     2 |       |       ||     6
 Cast: Magic Dart        |    76 |   106 |   297 |   185 ||   664
       Conjure Flame     |     1 |       |    24 |    38 ||    63
       Mephitic Cloud    |       |     5 |    20 |    20 ||    45
       Blink             |       |       |     2 |     9 ||    11
Invok: Sacrifice Love    |       |       |     1 |       ||     1
       Sacrifice Durabil |       |       |     1 |       ||     1
       Sacrifice Experie |       |       |     1 |       ||     1
       Reject Sacrifices |       |       |       |     1 ||     1
  Use: Scroll            |       |     8 |    12 |     7 ||    27
 Stab: Sleeping          |       |     1 |     1 |     5 ||     7
       Confused          |       |       |     7 |    16 ||    23
       Invisible         |       |       |     2 |     4 ||     6
       Distracted        |       |       |       |     6 ||     6
  Eat: Chunk             |     3 |     6 |    22 |    21 ||    52
       Ration            |       |     1 |       |     1 ||     2
Armor: Robe              |     6 |     7 |    84 |     5 ||   102
       Troll leather arm |       |       |     3 |   189 ||   192
Dodge: Dodged            |    28 |    40 |   181 |   329 ||   578
Block: Buckler           |       |       |       |    31 ||    31

Vault maps used:
D:1:      erik_arrival_cave_to_civilisation
D:2:      grunt_temple_overflow_open
D:3:      portal_sewer_entry_b, first_ration
D:4:      uniq_ijyb
D:6:      kennysheep_generic_room_10
D:7:      temple_green, uniq_crazy_yiuf_cottage, uniq_prince_ribbit1
D:8:      gammafunk_corrupted_shrine, patterned_corridor
D:9:      orc_0_dummy, uniq_maurice, uniq_pikel
D:10:     grunt_lair_entry_orc_guard_hut, hangedman_stone_soup
Lair:1:   uniq_harold
Lair:3:   st_stairs_12
Lair:4:   minmay_swamp_entry_swarm, minmay_snake_entry_guardpost_medium,
          infiniplex_staircase_pool
Lair:5:   regret_index_tunnel_blossom, nicolae_slime_entry_slimehenge
Sewer:    sewer_co_tree
